 Dungeon Crawl Stone Soup version 0.17-a0-1311-gbcbd859 (webtiles) character file.

7274 Fluffy the Basher (level 11, -21/66 HPs)
             Began as a Gargoyle Fighter on June 8, 2015.
             Was an Elder of Okawaru.
             Demolished by a white ugly thing (23 damage)
             ... on level 11 of the Dungeon.
             The game lasted 00:30:12 (10054 turns).

Fluffy the Basher (Gargoyle Fighter)               Turns: 10054, Time: 00:30:13

Health: -21/66     AC: 25    Str: 20      XL:     11   Next: 12%
Magic:  4/14       EV:  6    Int:  9      God:    Okawaru [****..]
Gold:   515        SH: 10    Dex: 11 (12) Spells: 0 memorised, 10 levels left

rFire  + . .     SeeInvis .     j - +2 flail (venom)
rCold  . . .     Clarity  .     H - +2 chain mail {rF+}
rNeg   + + .     SustAt   .     c - +0 shield
rPois  ∞         Gourm    .     (no helmet)
rElec  +         Spirit   .     l - +2 cloak
rCorr  .         Warding  .     E - +0 pair of gloves
rMut   .         Stasis   .     x - +0 pair of boots
MR     .....                    (no amulet)
Stlth  ..........               K - ring of positive energy
                                g - ring of stealth

@: not resistant to hostile enchantments, extremely unstealthy
A: negative energy resistance 1, electricity resistance, unbreathing,
petrification resistance, rot immunity, AC +7
a: Heroism, Renounce Religion


You were on level 11 of the Dungeon.
You worshipped Okawaru.
Okawaru was greatly pleased with you.
You were not hungry.

You visited 2 branches of the dungeon, and saw 12 of its levels.

You collected 515 gold pieces.

Inventory:

Hand weapons
 j - a +2 flail of venom (weapon)
Armour
 c - a +0 shield (worn)
 l - a +2 cloak (worn)
 x - a +0 pair of boots (worn)
 E - a +0 pair of gloves (worn)
 H - a +2 chain mail of fire resistance (worn)
Jewellery
 g - a ring of stealth (left hand)
 F - an uncursed ring of flight
 K - a ring of positive energy (right hand)
Magical devices
 k - a wand of cold (2)
 y - a wand of frost (17)
 z - a wand of disintegration (16)
 D - a wand of paralysis (1)
 J - a wand of magic darts (31)
 L - a wand of draining (8)
 M - a wand of cold (4)
 N - a wand of invisibility (4)
 O - a wand of polymorph (13)
Scrolls
 b - a scroll of enchant weapon
 f - 6 scrolls of teleportation
 m - 2 scrolls of fear
 o - 5 scrolls of remove curse
 q - 3 scrolls of fog
Potions
 a - 2 potions of magic
 d - 4 potions of might
 i - 2 potions of heal wounds
 n - a potion of invisibility
 p - a potion of cancellation
 r - 2 potions of mutation
 s - 2 potions of haste
 t - 2 potions of flight
 v - 2 potions of brilliance
 B - 2 potions of agility
 C - 5 potions of curing
 G - a potion of ambrosia {unknown}
 I - a potion of resistance {unknown}
Comestibles
 e - 4 bread rations
 h - 3 slices of pizza
 u - 5 meat rations
 w - 3 beef jerkies
 A - 3 fruits


   Skills:
 + Level 6.5 Fighting
 + Level 13.1 Maces & Flails
 + Level 6.2 Armour
 + Level 6.6 Shields
 + Level 5.3 Invocations


You had 10 spell levels left.
You didn't know any spells.

Dungeon Overview and Level Annotations

Branches:
Dungeon (11/15)            Temple (1/1) D:7             Orc (0/4) D:10
   Lair: D:8-11

Altars:
Ashenzari
Cheibriados
Dithmenos
Elyvilon
Fedhas
Gozag
Kikubaaqudgha
Makhleb
Nemelex Xobeh
Okawaru
Qazlal
Ru
Sif Muna
Trog
Vehumet
Xom
Yredelemnul
Zin
The Shining One
Beogh


Innate Abilities, Weirdness & Mutations

You are resistant to torment.
Your stone body is resilient (AC +7).
You are immune to poison.
You resist negative energy.
You are resistant to electric shocks.
You can survive without breathing.
You are immune to petrification.
You are immune to rotting.


Message History

You hit the white ugly thing but do no damage.
The white ugly thing is poisoned.
The white ugly thing is lightly wounded.
The white ugly thing barely misses you.
You sock the white ugly thing!
The white ugly thing is moderately wounded.
You block the white ugly thing's attack.
You hit the white ugly thing.
The white ugly thing is moderately wounded.
The white ugly thing claws you but does no damage.
You sock the white ugly thing!
The white ugly thing looks even sicker.
The white ugly thing is heavily wounded.
The white ugly thing claws you. The white ugly thing freezes you!!
* * * LOW HITPOINT WARNING * * *
You sock the white ugly thing!
The white ugly thing is severely wounded.
The white ugly thing claws you.
* * * LOW HITPOINT WARNING * * *
The white ugly thing freezes you!!
You die...

#.### ##..##### P# ##.#
##...... P.# #..# ####### ..#
#..# # ..# #..### ### #.#
##...###.#### # .P #.#
##.........####
...####)#########......###.....
.........yyy5u@.......## ###...
.........yyy####..#...# ##..
..####..#### #####..# #.. #...#
#..# #.. ......# ...# ##..
....###..# ....# ##... #....#
#... ....# #.... #.... #...
....## #.... #... .... ##^...


You could see a white ugly thing, 6 killer bees and a quasit.

Vanquished Creatures
  Erica (D:9)
  The ghost of sqallbeste the Protected, an experienced DsGl of Yredelemnul (D:8)
  Maurice (D:9)
  A troll (D:10)
  Grinder (D:3)
  The ghost of nubinia the Sneak, an average DEFE (D:5)
  The ghost of ololoev the Slasher, an average FoWr (D:3)
  Menkaure (D:6)
  Edmund (D:5)
  A water moccasin (D:9)
  An ice beast (D:9)
  A sky beast (D:7)
  2 centaurs (D:9)
  8 orc warriors
  2 phantoms
  An eye of draining (D:11)
  A crocodile (D:11)
  5 ogres
  A gnoll sergeant (D:7)
  5 giant frogs
  2 scorpions
  4 wights (D:11)
  11 killer bees
  6 hounds
  A centaur zombie (D:5)
  4 jellies
  3 quasits
  A crimson imp (D:8)
  8 orc priests
  2 giant frog skeletons (D:5)
  An iguana (D:5)
  A centaur skeleton (D:8)
  6 worker ants
  9 orc wizards
  A hound zombie (D:9)
  A hound skeleton (D:6)
  2 worker ant zombies
  5 gnolls (D:7)
  9 adders
  5 shadow imps
  2 oozes
  2 adder skeletons
  An adder zombie (D:7)
  3 worms
  6 giant geckos
  42 orcs
  24 bats
  6 giant cockroaches
  16 hobgoblins
  31 jackals
  27 kobolds
  A ball python skeleton (D:4)
  3 giant gecko skeletons
  7 giant newts
  10 goblins
  3 quokkas
  21 rats
  A bush (D:2)
  A plant (D:2)
326 creatures vanquished.

Notes
Turn   | Place    | Note
--------------------------------------------------------------
     0 | D:1      | Fluffy the Gargoyle Fighter began the quest for the Orb.
     0 | D:1      | Reached XP level 1. HP: 14/14 MP: 1/1
    99 | D:1      | Reached XP level 2. HP: 8/19 MP: 2/2
   482 | D:1      | Reached XP level 3. HP: 23/23 MP: 3/3
   945 | D:2      | Reached skill level 4 in Maces & Flails
  1005 | D:2      | Reached XP level 4. HP: 18/28 MP: 4/4
  2215 | D:3      | Reached skill level 5 in Maces & Flails
  2215 | D:3      | Reached XP level 5. HP: 18/32 MP: 5/5
  2421 | D:3      | Noticed Grinder
  2544 | D:3      | Paralysed by Grinder for 3 turns
  2558 | D:3      | Killed Grinder
  2558 | D:3      | Reached skill level 6 in Maces & Flails
  2558 | D:3      | Reached XP level 6. HP: 2/37 MP: 6/6
  3010 | D:3      | Noticed ololoev's ghost (average FoWr)
  3010 | D:3      | Reached skill level 7 in Maces & Flails
  3034 | D:3      | Reached XP level 7. HP: 22/41 MP: 7/7
  3053 | D:3      | Killed ololoev's ghost
  3531 | D:3      | Reached skill level 8 in Maces & Flails
  4486 | D:5      | Entered Level 5 of the Dungeon
  4571 | D:5      | Noticed Edmund
  4573 | D:5      | Noticed nubinia's ghost (average DEFE)
  4585 | D:5      | Killed Edmund
  4585 | D:5      | Reached skill level 9 in Maces & Flails
  4585 | D:5      | Reached XP level 8. HP: 46/46 MP: 8/8
  4612 | D:5      | Killed nubinia's ghost
  4682 | D:5      | Got a dull robe
  4901 | D:5      | Reached skill level 10 in Maces & Flails
  5167 | D:5      | Identified the +0 robe of Xom's Wrath {Dex+3} (You found it on level 5 of the Dungeon)
  5425 | D:5      | Found a stormy altar of Qazlal.
  5729 | D:6      | Noticed Menkaure
  5737 | D:6      | Killed Menkaure
  5740 | D:6      | Reached skill level 11 in Maces & Flails
  5782 | D:6      | Reached XP level 9. HP: 41/51 MP: 9/9
  5800 | D:6      | Found a deep blue altar of Sif Muna.
  5839 | D:6      | Identified Sif Muna's Almanac of Conjuration
  5919 | D:6      | Found a snail-covered altar of Cheibriados.
  6155 | D:6      | Found a sparkling altar of Nemelex Xobeh.
  6627 | D:7      | Reached skill level 12 in Maces & Flails
  7078 | D:7      | Found a staircase to the Ecumenical Temple.
  7084 | Temple   | Entered the Ecumenical Temple
  7137 | Temple   | Became a worshipper of Warmaster Okawaru
  7293 | D:8      | Noticed sqallbeste's ghost (experienced DsGl)
  7511 | D:8      | Reached skill level 1 in Invocations
  7548 | D:8      | Acquired Okawaru's first power
  7616 | D:8      | Killed sqallbeste's ghost
  7616 | D:8      | Reached XP level 10. HP: 23/58 MP: 10/12
  8092 | D:9      | Noticed Maurice
  8120 | D:9      | Killed Maurice
  8120 | D:9      | Reached skill level 5 in Fighting
  8120 | D:9      | Reached skill level 5 in Shields
  8145 | D:9      | Noticed Erica
  8165 | D:9      | Killed Erica
  8165 | D:9      | Reached skill level 5 in Armour
  8571 | D:9      | Found a shadowy altar of Dithmenos.
  8571 | D:9      | Found a glowing golden altar of the Shining One.
  8573 | D:9      | Found a radiant altar of Vehumet.
  8591 | D:9      | Found a shattered altar of Ashenzari.
  8710 | D:10     | Entered Level 10 of the Dungeon
  8909 | D:10     | Found a roughly hewn altar of Beogh.
  8909 | D:10     | Found a staircase to the Orcish Mines.
  9091 | D:10     | Reached skill level 13 in Maces & Flails
  9334 | D:10     | Reached XP level 11. HP: 64/64 MP: 14/14
  9683 | D:11     | Reached skill level 5 in Invocations
 10053 | D:11     | HP: 3/66 [white ugly thing (32)]
 10054 | D:11     | Demolished by a white ugly thing

Vault maps used:
D:1:      saegor_arrival_simple_f
D:2:      serial_forest, infiniplex_forest_clump_long, infiniplex_forest_3_way,
          infiniplex_forest_clump_double, infiniplex_forest_end_2,
          infiniplex_forest_clump_curved, infiniplex_forest_lined_room_2,
          kennysheep_generic_room_2
D:3:      wad_river_or_something, first_bread, uniq_grinder
D:4:      glass_columns_a
D:5:      corexii_shack_village, basic_altar, minmay_misc_feat_enclosed,
          uniq_edmund
D:6:      lemuel_round_altar, led_sif_book, nemelex_lonely_heart_becter,
          uniq_menkaure
D:7:      minmay_temple_entry_enclosed_plants
D:9:      nicolae_overflow_quartered_altars, uniq_maurice, uniq_erica
D:10:     david_orc_5
D:11:     david_lair_shrubbed
Temple:   circular_temple_13

Action                   |  1- 3 |  4- 6 |  7- 9 | 10-12 || total
-------------------------+-------+-------+-------+-------++-------
Melee: Flail             |   101 |   330 |   607 |   385 ||  1423
       Whip              |    38 |       |       |       ||    38
Invok: Heroism           |       |       |     1 |       ||     1
 Abil: Stop Flying       |       |       |     2 |       ||     2
       Evoke Flight      |       |       |     2 |       ||     2
  Use: Scroll            |       |       |    20 |     4 ||    24
       Potion            |       |       |     3 |       ||     3
  Eat: Chunk             |     1 |     7 |    16 |     9 ||    33
